 Dungeon Crawl Stone Soup version 0.18.1-48-g4cf74bf (webtiles) character file.

12975 Galewin the Severer (level 11, -3/82 HPs)
             Began as a Minotaur Berserker on July 30, 2016.
             Was a High Priest of Trog.
             Slain by Snorg (12 damage)
             ... on level 12 of the Dungeon.
             The game lasted 00:29:05 (10097 turns).

Galewin the Severer (Minotaur Berserker)           Turns: 10097, Time: 00:29:08

Health: -3/82      AC: 14    Str: 24    XL:     11   Next: 69%
Magic:  10/10      EV:  8    Int:  4    God:    Trog [*****.]
Gold:   402        SH:  0    Dex: 14    Spells: 0 memorised, 10 levels left

rFire  . . .     SeeInvis .     G - +5 battleaxe (venom)
rCold  . . .     Gourm    +     o - +2 plate armour
rNeg   . . .     Faith    .     (shield currently unavailable)
rPois  .         Spirit   .     (helmet restricted)
rElec  .         Dismiss  .     (no cloak)
rCorr  .         Reflect  .     (no gloves)
SustAt .         Harm     .     F - +0 pair of boots
MR     .....                    t - amulet of the gourmand
Stlth  ..........               q - +3 ring of protection
                                i - +3 ring of dexterity

@: exhausted, corroded, slowed, very slow, not resistant to hostile
enchantments, extremely unstealthy
A: retaliatory headbutt, horns 2
a: Berserk, Trog's Hand, Brothers in Arms, Burn Spellbooks, Renounce Religion


You were on level 12 of the Dungeon.
You worshipped Trog.
Trog was extremely pleased with you.
You were very full.

You visited 1 branch of the dungeon, and saw 13 of its levels.

You collected 659 gold pieces.
You spent 257 gold pieces at shops.

Inventory:

Hand Weapons
 G - a +5 battleaxe of venom (weapon)
Armour
 o - a +2 plate armour (worn)
 F - a +0 pair of boots (worn)
Jewellery
 i - a +3 ring of dexterity (left hand)
 q - a +3 ring of protection (right hand)
 t - an amulet of the gourmand (around neck)
 v - a +4 ring of dexterity
 y - an uncursed ring of resist corrosion
Wands
 e - a wand of slowing (21/48)
 A - a wand of heal wounds (2/9)
 D - a wand of flame (48/48)
Scrolls
 a - a scroll of remove curse
 b - 3 scrolls of fear
 r - 3 scrolls of identify
 u - 7 scrolls of teleportation
Potions
 d - 3 potions of resistance
 f - 2 potions of berserk rage {unknown}
 g - a potion of agility {unknown}
 h - a potion of magic {unknown}
 j - 2 potions of lignification {unknown}
 l - 4 potions of haste {unknown}
 n - 2 potions of invisibility {unknown}
 p - a potion of ambrosia {unknown}
 s - 4 potions of curing
 w - 5 potions of brilliance {unknown}
 x - a potion of might {unknown}
 B - 2 potions of cure mutation {unknown}
 E - a potion of flight
Comestibles
 c - 10 bread rations
 k - a beef jerky
 m - 10 meat rations
 z - 17 fruits
 C - 3 chunks of flesh
 I - 8 royal jellies


   Skills:
 - Level 3.6 Fighting
 * Level 17.5 Axes
 + Level 12.7 Armour
 - Level 2.1 Dodging


You had 10 spell levels left.
You didn't know any spells.

Dungeon Overview and Level Annotations

Branches:
Dungeon (13/15)            Temple (0/1) D:7            Lair (0/8) D:10
    Orc (0/2) D:12
 Vaults: D:13-14

Altars:
Ashenzari
Dithmenos
Elyvilon
Fedhas
Kikubaaqudgha
Makhleb
Nemelex Xobeh
Okawaru
Pakellas
Qazlal
Ru
Sif Muna
Vehumet
Xom

Shops:
D:6 [   D:7 }((

Annotations:
D:12 Snorg


Innate Abilities, Weirdness & Mutations

You reflexively headbutt those who attack you in melee.
You have a pair of horns on your head.


Message History

Snorg bites you but does no damage. Snorg claws you but does no damage. x2
The shadow slips into darkness.
The shadow flickers and vanishes!
You climb upwards.
Some of the chunks of flesh in your inventory have rotted away.
There is a stone staircase leading down here.
Okay, then.
Read which item? (? for menu, Esc to quit)
Okay, then.
Evoke which item? (* to show all) (? for menu, Esc to quit)
Zapping:
A - a wand of heal wounds (will waste charges)
Press: ? - help, Shift-Dir - straight line, f - you You feel much better.
Evoking this partially-identified wand wasted a few charges.
The iguana closely misses you. The brown ugly thing trunk-slaps you!
* * * LOW HITPOINT WARNING * * *
You are splashed with acid!
The acid corrodes you!
The acid burns!
* * * LOW HITPOINT WARNING * * *
Snorg bites you!
You die...

#......##......#....#........#...
.......).......#....#..####..#...
......##'####'##....#..# #..#...
#######.............#..####..#...
..............#######........##..
..............#.........#########
.....##.......#.........#....##..
.....##.......#.l.......#...[##..
.....##.......'.@T......'....##..
....>##.......#.u.......#....##..
..............#...###...#....##..
..............#.........#....##..
..............#.........#....####
.....##.......#.........#....####
.....##########.........#........
.....##########.........#........
...^.##.......#.......).#.......(


You could see Snorg, a brown ugly thing and an iguana.

Vanquished Creatures
  An unseen horror (D:10)
  A hill giant (D:13)
  3 ugly things
  Maurice (D:12)
  A centaur skeleton (D:12)
  The ghost of WarriorsX the Covered, a novice HuFi (D:4)
  A gargoyle (D:11)
  2 komodo dragons
  A troll (D:11)
  A queen bee (D:8)
  A two-headed ogre (D:10)
  A shadow (D:11)
  5 yaks (D:10)
  5 hippogriffs
  4 vampire mosquitoes (D:12)
  A basilisk (D:10)
  A water moccasin (D:9)
  7 porcupines (D:10)
  Duvessa (D:7)
  An orc warrior (D:9)
  3 sky beasts
  An eye of draining (D:12)
  3 phantoms (D:8)
  A black bear (D:8)
  A wasp (D:12)
  3 centaurs
  5 ogres
  4 crocodiles (D:10)
  7 giant frogs
  A gnoll sergeant (D:5)
  Dowan (D:7)
  3 scorpions
  26 killer bees
  A howler monkey (D:8)
  A vampire bat (D:4)
  7 crimson imps
  A giant frog zombie (D:9)
  4 jellies
  6 hounds
  2 orc wizards
  8 orc priests
  2 giant frog skeletons
  3 iguanas
  Ijyb (D:3)
  6 worker ants
  A killer bee zombie (D:9)
  A hound zombie (D:6)
  A worker ant zombie (D:8)
  7 gnolls
  A howler monkey skeleton (D:7)
  10 adders
  3 river rats (D:10)
  A shadow imp (D:11)
  2 oozes
  2 adder skeletons
  An adder zombie (D:9)
  3 worms
  2 dart slugs
  10 giant geckos
  30 orcs
  3 bat skeletons (D:4)
  2 bat zombies (D:4)
  7 giant cockroaches
  9 hobgoblins
  26 jackals
  3 quokkas
  3 ball pythons
  17 bats
  A giant gecko zombie (D:6)
  4 giant newts
  6 goblins
  6 kobolds
  A quokka skeleton (D:8)
  7 rats
311 creatures vanquished.

Vanquished Creatures (collateral kills)
  2 killer bees (D:9)
  An orc (D:9)
  A jackal (D:9)
4 creatures vanquished.

Vanquished Creatures (others)
  An orange crystal statue (D:9)
1 creature vanquished.

Grand Total: 316 creatures vanquished

Notes
Turn   | Place    | Note
--------------------------------------------------------------
     0 | D:1      | Galewin the Minotaur Berserker began the quest for the Orb.
     0 | D:1      | Reached XP level 1. HP: 19/19 MP: 0/0
    93 | D:1      | Reached skill level 4 in Axes
   133 | D:1      | Reached XP level 2. HP: 16/26 MP: 1/1
   307 | D:1      | Reached ** piety under Trog
   331 | D:1      | Reached skill level 5 in Axes
   334 | D:1      | Reached XP level 3. HP: 26/31 MP: 2/2
  1012 | D:2      | Found a blossoming altar of Fedhas.
  1012 | D:2      | Found a stormy altar of Qazlal.
  1059 | D:2      | Reached XP level 4. HP: 36/39 MP: 3/3
  1088 | D:2      | Found a shadowy altar of Dithmenos.
  1088 | D:2      | Found an iron altar of Okawaru.
  1090 | D:2      | Found a deep blue altar of Sif Muna.
  1090 | D:2      | Found a shattered altar of Ashenzari.
  1093 | D:2      | Found a white marble altar of Elyvilon.
  1093 | D:2      | Found a shimmering altar of Xom.
  1182 | D:2      | Reached skill level 6 in Axes
  1390 | D:2      | Reached *** piety under Trog
  1867 | D:3      | Found a sacrificial altar of Ru.
  2148 | D:3      | Noticed Ijyb
  2165 | D:3      | Killed Ijyb
  2165 | D:3      | Reached XP level 5. HP: 43/45 MP: 4/4
  2711 | D:4      | Found a radiant altar of Vehumet.
  2719 | D:4      | Reached skill level 7 in Axes
  2783 | D:4      | Noticed WarriorsX's ghost (novice HuFi)
  2798 | D:4      | Killed WarriorsX's ghost
  2798 | D:4      | Reached skill level 8 in Axes
  2798 | D:4      | Reached skill level 5 in Armour
  2798 | D:4      | Reached XP level 6. HP: 51/51 MP: 5/5
  2798 | D:4      | Reached XP level 7. HP: 57/57 MP: 6/6
  2922 | D:4      | Reached **** piety under Trog
  3042 | D:4      | Found an ancient bone altar of Kikubaaqudgha.
  3157 | D:5      | Entered Level 5 of the Dungeon
  3318 | D:5      | Reached skill level 9 in Axes
  3598 | D:5      | Noticed a hippogriff
  3611 | D:5      | Killed a hippogriff
  3686 | D:5      | Received a gift from Trog
  3693 | D:5      | Reached skill level 10 in Axes
  3693 | D:5      | Reached XP level 8. HP: 46/64 MP: 7/7
  4085 | D:6      | Found Zaiw's Armour Shoppe.
  4244 | D:6      | Found a burning altar of Makhleb.
  4729 | D:7      | Found Laguasao's Weapon Shop.
  4764 | D:7      | Bought a +2 battleaxe of venom for 257 gold pieces
  4836 | D:7      | Received a gift from Trog
  4842 | D:7      | Reached skill level 11 in Axes
  4974 | D:7      | Noticed Duvessa
  4978 | D:7      | Noticed Dowan
  4986 | D:7      | Killed Duvessa
  4994 | D:7      | Killed Dowan
  5143 | D:7      | Found Ufocen's Weapon Emporium.
  5209 | D:7      | Reached XP level 9. HP: 58/70 MP: 8/8
  5237 | D:7      | Found Cufaskero's Gadget Shop.
  5243 | D:7      | Reached skill level 12 in Axes
  5269 | D:7      | Found a staircase to the Ecumenical Temple.
  5658 | D:8      | Reached ***** piety under Trog
  5733 | D:8      | Reached skill level 13 in Axes
  5741 | D:8      | Noticed a queen bee
  5999 | D:8      | Killed a queen bee
  6474 | D:8      | Reached skill level 14 in Axes
  6515 | D:8      | Reached XP level 10. HP: 67/77 MP: 9/9
  6588 | D:8      | Reached skill level 10 in Armour
  6905 | D:9      | Found an oddly glowing altar of Pakellas.
  6905 | D:9      | Noticed an orange crystal statue
  6906 | D:9      | Noticed a six-headed hydra
  6912 | D:9      | Killed an orange crystal statue
  7397 | D:10     | Entered Level 10 of the Dungeon
  7443 | D:10     | Reached skill level 15 in Axes
  7876 | D:10     | Killed an unseen horror
  7876 | D:10     | Reached skill level 16 in Axes
  7876 | D:10     | Reached XP level 11. HP: 24/82 MP: 10/10
  7939 | D:10     | Found a staircase to the Lair.
  7946 | D:10     | Received a gift from Trog
  8367 | D:11     | Found a sparkling altar of Nemelex Xobeh.
  8990 | D:12     | Found a staircase to the Orcish Mines.
  9578 | D:12     | Noticed Maurice
  9596 | D:12     | Killed Maurice
  9607 | D:12     | Reached skill level 17 in Axes
  9704 | D:12     | Noticed a red ugly thing
  9712 | D:12     | Killed a red ugly thing
  9898 | D:13     | Noticed a brown ugly thing
  9900 | D:13     | Noticed Snorg
 10078 | D:13     | Noticed a white ugly thing
 10078 | D:13     | Noticed a purple ugly thing
 10078 | D:13     | Noticed a hill giant
 10081 | D:13     | Killed a purple ugly thing
 10085 | D:13     | Killed a white ugly thing
 10086 | D:13     | Killed a hill giant
 10095 | D:13     | HP: 3/82 [acid (8)]
 10097 | D:12     | Slain by Snorg

Skill      XL: |  1  2  3  4  5  6  7  8  9 10 11 |
---------------+----------------------------------+-----
Axes           | 4 5 6 8 10 11 14 16 17 | 17.5
Armour         | 3 5 6 8 9 11 12 | 12.7
Fighting       | |  3.6
Dodging        | |  2.1

Action                   |  1- 3 |  4- 6 |  7- 9 | 10-12 || total
-------------------------+-------+-------+-------+-------++-------
Melee: Hand axe          |    91 |   118 |   149 |       ||   358
       Headbutt          |    15 |    24 |    59 |    50 ||   148
       Battleaxe         |       |       |   130 |   228 ||   358
Invok: Berserk           |     1 |     5 |     5 |     7 ||    18
       Burn Spellbooks   |       |       |     1 |     1 ||     2
       Trog's Hand       |       |       |       |     2 ||     2
       Brothers in Arms  |       |       |       |     1 ||     1
Evoke: Wand              |       |       |       |     1 ||     1
  Use: Scroll            |     2 |    11 |     5 |    15 ||    33
 Stab: Distracted        |     1 |       |       |       ||     1
  Eat: Chunk             |     1 |    19 |    16 |    19 ||    55
       Beef jerky        |       |       |     1 |       ||     1
Armor: Animal skin       |     9 |       |       |       ||     9
       Plate armour      |    51 |    71 |   183 |   208 ||   513
Dodge: Dodged            |    58 |    32 |   114 |   104 ||   308
